 Dungeon Crawl Stone Soup version 0.32-a0-132-g2d33c3c (webtiles) character file.

Game seed: 6180146895040151827

368 Dorkslayer the Ruffian (level 6, -4/42 HPs)
             Began as an Octopode Fighter on Feb 9, 2024.
             Slain by a vampire (13 damage)
             ... on level 5 of the Dungeon.
             The game lasted 00:06:35 (2956 turns).

Dorkslayer the Ruffian (Octopode Fighter)           Turns: 2956, Time: 00:06:36

Health: -4/42      AC:  1    Str: 22    XL:     6   Next: 69%
Magic:  6/6        EV: 13    Int: 12    God:
Gold:   221        SH:  5    Dex: 11    Spells: 5/5 levels left

rFire   . . .        g - +2 spear of Revolt {venom, rCorr Str+4 Int+2}
rCold   . . .        a - +1 buckler
rNeg    . . .        (helmet restricted)
rPois   .            (no amulet)
rElec   .            e - ring of resist corrosion
rCorr   +            (no ring)
SInv    .            (no ring)
Will    .....        (no ring)
Stlth   +++          (no ring)
HPRegen 0.27/turn    (no ring)
MPRegen 0.10/turn    (no ring)
                     (no ring)

%: no passive effects
@: no status effects
A: almost no armour, amphibious, 8 rings, camouflage 1, gelatinous body 1,
(nimble swimmer 1), tentacles
a: no special abilities


You were on level 5 of the Dungeon.
You visited 1 branch of the dungeon, and saw 5 of its levels.

You collected 221 gold pieces.

Inventory:

Hand Weapons
 g - the +2 spear of Revolt (weapon) {venom, rCorr Str+4 Int+2}
   (You found it on level 2 of the Dungeon)

   Str+4:     It affects your strength (+4).
   Int+2:     It affects your intelligence (+2).
   rCorr:     It protects you from acid and corrosion.
Missiles
 f - 7 boomerangs (quivered)
 l - 2 throwing nets
Armour
 a - a +1 buckler (worn)
Jewellery
 e - a ring of resist corrosion (left tentacle)
Talismans
 o - a maw talisman
Scrolls
 i - a scroll of summoning
Potions
 b - 3 potions of might
 c - 2 potions of invisibility
 d - a potion of enlightenment {unknown}
 j - a potion of brilliance
 k - a potion of heal wounds {unknown}
 m - 3 potions of curing {unknown}


   Skills:
 + Level 3.5 Fighting
 * Level 3.2 Polearms
 + Level 0.1 Throwing
 + Level 3.6 Dodging
 + Level 3.7 Stealth
 + Level 3.6 Shields
 * Level 3.7 Unarmed Combat
 * Level 0.1 Shapeshifting


You had 5 spell levels left.
You didn't know any spells.
Your spell library contained the following spells:

 Spells                   Type           Power      Damage    Failure   Level
 Kiss of Death            Conj/Necr      0%         2d5       38%         1
 Confusing Touch          Hex            0%         N/A       77%         3
 Dazzling Flash           Conj/Hex       0%         N/A       77%         3
 Mephitic Cloud           Conj/Alch/Air  0%         N/A       77%         3
 Ozocubu's Armour         Ice            0%         N/A       77%         3
 Volatile Blastmotes      Fire/Tloc      0%         2d10      77%         3
 Dispel Undead            Necr           0%         3d6       99%         4
 Fulminant Prism          Conj/Alch      0%         3d5       99%         4
 Iskenderun's Mystic Bla  Conj/Tloc      0%         2d3       99%         4
 Curse of Agony           Necr           0%         N/A       100%        5
 Metabolic Englaciation   Hex/Ice        0%         N/A       100%        5
 Silence                  Hex/Air        0%         N/A       100%        5
 Sculpt Simulacrum        Ice/Alch       0%         N/A       100%        6


Dungeon Overview and Level Annotations

Branches:
Dungeon (5/15)
 Temple: D:4-7

Altars:

Shops:
D:1 !


Innate Abilities, Weirdness & Mutations

You cannot wear most types of armour.
You are amphibious.
You can wear up to eight rings at the same time.
Your skin changes colour to match your surroundings (Stealth+).
Your rubbery body absorbs attacks. (AC +1, EV +1)
((You are camouflaged when in or above water. (Stealth+)))
You have tentacles for arms and can constrict up to eight enemies at once.


Message History

You kill the iguana!
An iguana and a jelly come into view.
You see here an iguana corpse.
A quokka comes into view.
Found 11 gold pieces.
A vampire and an orc come into view.
Reach: g) +2 spear of Revolt {venom, rCorr Str+4 Int+2}
Press: ? - help, Dir - move target, f - quokka
Aim: a quokka (asleep, about 2% to evade the +2 spear of Revolt)
You reach to attack!
The helpless quokka fails to defend itself.
You hit the quokka.
The quokka is severely wounded.
You barely miss the quokka. Your grab misses the quokka.
The quokka is severely wounded.
The orc shouts!
The quokka bites you.
You barely miss the quokka. Your grab misses the quokka.
The quokka is severely wounded.
The vampire casts a spell.
The vampire flickers and vanishes!
Deactivating autopickup; reactivate with Ctrl-A.
The quokka barely misses you.
You hit the quokka.
You kill the quokka!
The orc hits you with a +0 flail!
You hit the orc but do no damage.
The orc is poisoned.
You grab the orc. You squeeze the orc!
You kill the orc!
You hear some strange, mumbled words.
Something tries to affect you, but you resist.
Things that are here:
a +0 flail; a +0 scale mail; an orc corpse You hit something but do no damage.
You hear the slow rusting of a very distant drain.
Something hits you! Something bites you!
* * * LOW HITPOINT WARNING * * *
Something draws strength from your injuries!
You miss something. Your squeeze misses something. Something hits you!
You die...

#..J.PPP.♣..# ###.
#.......P...# ###...
##..P.⌠.P..#####.....
#...P...P...##.......
#....PP.....#........
#..♣$................
#........†..........
##..†#...#.........(
##@######..........
#{# ##......... #.#
#......... ..#
##........ ...
##....... ....
#...)... .##.
##.....[ .. #.
##..... #.....


There were no monsters in sight!

Vanquished Creatures
  2 bombardier beetles
  An orc priest (D:4)
  Jessica (D:2)
  2 iguanas (D:5)
  An orc wizard (D:5)
  8 adders
  3 dart slugs
  8 orcs
  8 ball pythons
  7 endoplasms
  7 giant cockroaches
  9 goblins
  A hobgoblin (D:1)
  3 jackals (D:1)
  2 quokkas
  6 bats
  4 frilled lizards
  9 kobolds
  4 rats
86 creatures vanquished.

Vanquished Creatures (others)
  An orc (D:4)
1 creature vanquished.

Grand Total: 87 creatures vanquished

Notes
Turn   | Place    | Note
-------+----------+-------------------------------------------
     0 | D:1      | Dorkslayer the Octopode Fighter began the quest for the
                  | Orb.
     0 | D:1      | Reached XP level 1. HP: 16/16 MP: 1/1
    78 | D:1      | Found a faded altar of an unknown god.
   133 | D:1      | Reached XP level 2. HP: 18/21 MP: 2/2
   381 | D:1      | Found Zipof's Distillery.
   460 | D:1      | Reached XP level 3. HP: 25/26 MP: 3/3
   775 | D:2      | Noticed Jessica
   778 | D:2      | Killed Jessica
   807 | D:2      | Reached skill level 1 in Stealth
   807 | D:2      | Reached XP level 4. HP: 27/31 MP: 4/4
   995 | D:2      | Identified the +2 spear of Revolt {venom, rCorr Str+4
                  | Int+2}
  1566 | D:3      | Reached XP level 5. HP: 32/36 MP: 5/5
  1610 | D:3      | Reached skill level 1 in Polearms
  2522 | D:4      | Reached XP level 6. HP: 37/42 MP: 6/6
  2854 | D:5      | Entered Level 5 of the Dungeon
  2947 | D:5      | Noticed a vampire
  2956 | D:5      | Slain by a vampire

Illustrated notes

Levels and vault maps discovered:
D:1:      mrwooster_arrival_statue, layout_loops_ring,
          ebering_ecumenical_altar_rust, serial_shops,
          nicolae_shop_rolling_square, minivault_27
D:2:      layout_rooms, kennysheep_decorative_pillar, minmay_misc_feat_tiny,
          patterned_corridor, uniq_jessica
D:3:      layout_loops_corners, eino_tiny_chamber
D:4:      layout_cave_pods
D:5:      layout_cave_pods, grunt_temple_overflow_open, serial_shops, shop,
          serial_park, serial_park_tiny_pond, serial_park_square1
          [serial_park_minivault_5x5_1], serial_park_square1
          [serial_park_minivault_5x5_3], serial_park_tiny_1, serial_park_square3
          [serial_park_minivault_5x5_7], cheibrodos_sewer_entry_bend,
          nicolae_zig_zag_zippers

Skill      XL: |  1  2  3  4  5  6 |
---------------+-------------------+-----
Stealth        | 1 3 |  3.7
Unarmed Combat | 3 |  3.7
Polearms       | 2 3 |  3.2
Fighting       | |  3.5
Throwing       | |  0.1
Dodging        | |  3.6
Shields        | |  3.6
Shapeshifting  | |  0.1

Action                     |  1- 3 |  4- 6 || total
---------------------------+-------+-------++-------
  Melee: Unarmed           |    52 |    22 ||    74
         Constrict         |    18 |    26 ||    44
         Tentacles         |    15 |    13 ||    28
         Punch             |     3 |     8 ||    11
         Spear             |       |    99 ||    99
  Throw: Boomerang         |       |     5 ||     5
    Use: Scroll            |     2 |     4 ||     6
   Stab: Sleeping          |     3 |    14 ||    17
 Armour: Skin              |    19 |    33 ||    52
  Dodge: Dodged            |    28 |    39 ||    67
  Block: Buckler           |     7 |    13 ||    20

Table legend: (Time is in decaauts)
 A = Elapsed time spent in this place.
 B = Non-inter-level travel time spent in this place.
 C = Inter-level travel time spent in this place.
 D = Time resting spent in this place.
 E = Time spent auto-exploring this place.
 F = Levels seen in this place.
 G = Mean time per level.
                   A        B        C        D        E       F      G
               +--------+--------+--------+--------+--------+-----+--------+
         Total |   2961 |   2961 |      0 |      5 |   1816 |   5 |  592.2 |
       Dungeon |   2961 |   2961 |      0 |      5 |   1816 |   5 |  592.2 |
               +--------+--------+--------+--------+--------+-----+--------+

Top non-repeatable levels by time:
     D:3: 908 daAuts
     D:1: 774 daAuts
     D:4: 681 daAuts
     D:2: 494 daAuts
     D:5: 101 daAuts
